 Dungeon Crawl Stone Soup version 0.29.1-12-g30fa7ad0bf (webtiles) character file.

Game seed: 9655277568110894567

744 xian the Shooter (level 7, -1/59 HPs)
             Began as a Purple Draconian Hunter on Dec 28, 2022.
             Slain by an orc
             ... wielding a +0 flail
              (6 damage)
             ... on level 5 of the Dungeon.
             The game lasted 00:07:09 (4111 turns).

xian the Shooter (Purple Draconian Hunter)          Turns: 4111, Time: 00:07:10

Health: -1/59      AC: 12    Str: 15    XL:     7   Next: 47%
Magic:  7/7        EV: 12    Int: 10    God:
Gold:   233        SH:  0    Dex: 14    Spells: 6/6 levels left

rFire   . . .      SeeInvis .   a - +1 shortbow
rCold   + . .      Faith    .   (shield currently unavailable)
rNeg    . . .      Spirit   .   (body armour unavailable)
rPois   .          Reflect  .   j - +1 hat
rElec   .          Harm     .   (no cloak)
rCorr   .          Rampage  .   h - +0 pair of gloves
Will    +....                   (no boots)
Stlth   ++........              (no amulet)
HPRegen 0.19/turn               o - +4 ring of protection
MPRegen 0.10/turn               p - ring of protection from cold

@: short of breath
A: breathe power, AC +6, unfitting armour, cold-blooded
a: Breathe Dispelling Energy


You were on level 5 of the Dungeon.
You visited 1 branch of the dungeon, and saw 5 of its levels.
You also visited: Sewer.

You collected 233 gold pieces.

Inventory:

Hand Weapons
 a - a +1 shortbow (weapon)
 f - a +0 dagger
Missiles
 l - 3 curare-tipped darts
Armour
 h - a +0 pair of gloves (worn)
 j - a +1 hat (worn)
Magical Staves
 d - a staff of cold
Jewellery
 o - a +4 ring of protection (left hand)
 p - a ring of protection from cold (right hand)
 w - a ring of protection from fire
Wands
 g - a wand of mindburst (6)
 u - a wand of roots (9)
Scrolls
 b - 2 scrolls of immolation
 c - 3 scrolls of teleportation
 s - 2 scrolls of butterflies
 t - a scroll of poison
Potions
 e - a potion of attraction {unknown}
 i - a potion of degeneration {unknown}
 k - 3 potions of curing
 m - a potion of cancellation {unknown}
 n - 2 potions of lignification {unknown}
 q - a potion of flight {unknown}
 r - a potion of might {unknown}
 v - a potion of ambrosia {unknown}
 x - a potion of heal wounds {unknown}
 z - 2 potions of resistance {unknown}


   Skills:
 + Level 4.1 Fighting
 + Level 7.7 Ranged Weapons
 + Level 2.4 Dodging
 + Level 1.1 Stealth


You had 6 spell levels left.
You didn't know any spells.
Your spell library contained the following spells:

 Spells                   Type           Power      Damage    Failure   Level
 Fireball                 Conj/Fire      0%         3d3       100%        5
 Iskenderun's Battlesphe  Conj           0%         2d6       100%        5
 Conjure Ball Lightning   Conj/Air       0%         3x3d6     100%        6
 Orb of Destruction       Conj           0%         9d5       100%        7


Dungeon Overview and Level Annotations

Branches:
Dungeon (5/15)              Sewer (visited)
 Temple: D:4-7

Altars:
Cheibriados
Dithmenos
Elyvilon
Nemelex Xobeh
Qazlal
Sif Muna
Vehumet
Wu Jian
Xom


Innate Abilities, Weirdness & Mutations

You can breathe bolts of dispelling energy.
Your rich purple scales are hard. (AC +6)
You cannot fit into any form of body armour.
You are cold-blooded and may be slowed by cold attacks.


Message History

The orc closely misses you.
Fire: a) +1 shortbow
Press: ? - help, Q - select action, (/) - cycle Shift-Dir - straight line, f/p - orc
Aim: an orc, wielding a +0 flail (moderately wounded, 65% to hit)
You shoot an arrow. The arrow closely misses the orc.
The arrow hits the orc wizard!
You kill the orc wizard!
The orc hits you but does no damage.
Fire: a) +1 shortbow
Press: ? - help, Q - select action, (/) - cycle Shift-Dir - straight line, f/p - orc
Aim: an orc, wielding a +0 flail (moderately wounded, 65% to hit)
You shoot an arrow.
The arrow hits the orc but does no damage.
The orc is moderately wounded.
The orc hits you with a +0 flail!
* * * LOW HITPOINT WARNING * * *
Fire: a) +1 shortbow
Press: ? - help, Q - select action, (/) - cycle Shift-Dir - straight line, f/p - orc
Aim: an orc, wielding a +0 flail (moderately wounded, 65% to hit)
You shoot an arrow. The arrow closely misses the orc.
The orc barely misses you.
Fire: a) +1 shortbow
Press: ? - help, Q - select action, (/) - cycle Shift-Dir - straight line, f/p - orc
Aim: an orc, wielding a +0 flail (moderately wounded, 65% to hit)
You shoot an arrow. The arrow hits the orc.
The orc is heavily wounded.
The orc hits you with a +0 flail.
* * * LOW HITPOINT WARNING * * *
Fire: a) +1 shortbow
Press: ? - help, Q - select action, (/) - cycle Shift-Dir - straight line, f/p - orc
Aim: an orc, wielding a +0 flail (heavily wounded, 65% to hit)
You shoot an arrow. The arrow hits the orc.
The orc is severely wounded.
The orc barely misses you.
Fire: a) +1 shortbow
Press: ? - help, Q - select action, (/) - cycle Shift-Dir - straight line, f/p - orc
Aim: an orc, wielding a +0 flail (severely wounded, 65% to hit)
You shoot an arrow. The arrow closely misses the orc.
The orc hits you with a +0 flail.
You die...

#............##...#
#.
#####..##..........
#.
#........##...##.
#. #...##.#####.##
#. #......#####)#
#. #.†..........#
.. #.#.##.##.###. #
#.#.##.##.###..###
#...@o))...>......
###.##.##.####...?
#.##.##.# .
#...<...# ####<####
#.. #.# #.#


You could see an orc.

Vanquished Creatures
  Menkaure (D:5)
  An ogre (D:5)
  3 bullfrogs
  A necrophage (D:5)
  A scorpion (D:5)
  An iguana (D:4)
  An orc wizard (D:5)
  8 adders
  4 worms
  3 dart slugs
  3 orcs
  8 bats
  3 endoplasms
  11 giant cockroaches
  4 goblins
  9 hobgoblins
  4 jackals (D:4)
  5 kobolds
  7 quokkas
  9 ball pythons
  13 frilled lizards
  2 rats
102 creatures vanquished.

Notes
Turn   | Place    | Note
-------+----------+-------------------------------------------
     0 | D:1      | xian the Draconian Hunter began the quest for the Orb.
     0 | D:1      | Reached XP level 1. HP: 17/17 MP: 1/1
    90 | D:1      | Reached XP level 2. HP: 15/24 MP: 2/2
   192 | D:1      | Reached skill level 4 in Ranged Weapons
   837 | D:2      | Found a faded altar of an unknown god.
   860 | D:2      | Reached XP level 3. HP: 30/30 MP: 3/3
  1342 | D:2      | Reached XP level 4. HP: 37/37 MP: 4/4
  2022 | D:3      | Found a glowing drain.
  2044 | Sewer    | Entered a sewer
  2091 | Sewer    | Reached skill level 5 in Ranged Weapons
  2255 | Sewer    | Noticed a bullfrog
  2259 | Sewer    | Killed a bullfrog
  2260 | Sewer    | Reached XP level 5. HP: 44/45 MP: 5/5
  2278 | Sewer    | Reached skill level 6 in Ranged Weapons
  2642 | D:3      | Found a shimmering blue altar of Sif Muna.
  2954 | D:3      | Reached XP level 6. HP: 51/51 MP: 6/6
  3012 | D:3      | Found a radiant altar of Vehumet.
  3014 | D:3      | Found a shadowy altar of Dithmenos.
  3014 | D:3      | Found a white marble altar of Elyvilon.
  3187 | D:4      | Found an ornate altar of the Wu Jian Council.
  3222 | D:4      | Reached skill level 1 in Stealth
  3654 | D:4      | Found a shimmering altar of Xom.
  3704 | D:4      | Found a stormy altar of Qazlal.
  3704 | D:4      | Found a sparkling altar of Nemelex Xobeh.
  3706 | D:4      | Found a snail-covered altar of Cheibriados.
  3706 | D:4      | Found a white marble altar of Elyvilon.
  3706 | D:4      | Found a radiant altar of Vehumet.
  3730 | D:5      | Entered Level 5 of the Dungeon
  3815 | D:5      | Noticed Menkaure
  3824 | D:5      | Killed Menkaure
  3868 | D:5      | Reached skill level 7 in Ranged Weapons
  3868 | D:5      | Your scales start taking on a rich purple colour.
  3868 | D:5      | Reached XP level 7. HP: 58/58 MP: 7/7
  4111 | D:5      | Slain by an orc

Illustrated notes

Levels and vault maps discovered:
D:1:      dpeg_arrival_solitude, layout_basic, minmay_misc_feat_diagonals
D:2:      layout_loops_ring, hellmonk_ecumenical_altar_zigzags, minmay_3d_cube
D:3:      layout_loops_corners, lemuel_crystal_altar,
          grunt_temple_overflow_diamond, cheibrodos_sewer_entry_sluice,
          minmay_misc_feat_rugged
D:4:      layout_rooms, doesnt_xom_only_xom, nzn_wu_jian_contemplation,
          ebering_dispersal_statue_hall
D:5:      layout_loops_ring, dancing_weapons_uskayaw, uniq_menkaure

Skill      XL: |  1  2  3  4  5  6  7 |
---------------+----------------------+-----
Ranged Weapons | 4 5 6 7 |  7.7
Dodging        | 2 |  2.4
Fighting       | 3 4 |  4.1
Stealth        | 1 |  1.1

Action                   |  1- 3 |  4- 6 |  7- 9 || total
-------------------------+-------+-------+-------++-------
 Fire: Shortbow          |   117 |   183 |    36 ||   336
 Abil: Breathe Dispellin |       |       |     3 ||     3
  Use: Scroll            |       |     7 |     1 ||     8
Armor: Skin              |    25 |    23 |     1 ||    49
Dodge: Dodged            |    56 |    48 |     4 ||   108
